 Dungeon Crawl Stone Soup version 0.27-a0-972-gd1521fd518 (webtiles) character file.

Game seed: 15980160417016049792

239 tilp the Sneak (level 6, -2/33 HPs)
             Began as a Vine Stalker Brigand on Apr 14, 2021.
             Slain by a scorpion (3 damage)
             ... on level 2 of the Dungeon.
             The game lasted 00:02:59 (1589 turns).

tilp the Sneak (Vine Stalker Brigand)               Turns: 1589, Time: 00:02:59

Health: -2/33      AC:  3    Str: 16    XL:     6   Next: 7%
Magic:  0/7        EV: 12    Int: 11    God:
Gold:   114        SH:  0    Dex: 15    Spells: 5/5 levels left

rFire    . . .     SeeInvis .   a - +2 dagger
rCold    . . .     Faith    .   (no shield)
rNeg     . . .     Spirit   +   b - +0 robe
rPois    .         Reflect  .   (no helmet)
rElec    .         Harm     .   c - +0 cloak
rCorr    .         Rampage  .   (no gloves)
Will     .....                  (no boots)
Stlth    +++.......             (no amulet)
HPRegen  1.11/turn              (no ring)
MPRegen  0.10/turn              (no ring)

@: lethally poisoned (-2 -> -11)
A: fangs 2, regeneration 1, magic shield, antimagic bite, no potion heal 2
a: no special abilities


You were on level 2 of the Dungeon.
You visited 1 branch of the dungeon, and saw 2 of its levels.

You collected 114 gold pieces.

Inventory:

Hand Weapons
 a - a +2 dagger (weapon)
Missiles
 d - 5 poisoned darts (quivered)
 e - 2 curare-tipped darts
Armour
 b - a +0 robe (worn)
 c - a +0 cloak (worn)
Scrolls
 h - a scroll of immolation {unknown}
 i - a scroll of amnesia {unknown}
Potions
 f - a potion of heal wounds
 g - a potion of curing {unknown}


   Skills:
 - Level 4.0 Fighting
 + Level 4.1 Short Blades
 - Level 1.7 Throwing
 + Level 1.1 Dodging
 - Level 4.8 Stealth


You had 5 spell levels left.
You didn't know any spells.
Your spell library was empty.

Dungeon Overview and Level Annotations

Branches:
Dungeon (2/15)

Altars:

Shops:
D:2 :


Innate Abilities, Weirdness & Mutations

You have extremely sharp teeth.
Your natural rate of healing is unusually fast.
When hurt, damage is shared between your health and your magic reserves.
Your bite disrupts and absorbs the magic of your enemies.
Potions cannot restore your health.


Message History

Press: ? - help, Q - select action, (/) - cycle Shift-Dir - straight line, f/p - scorpion
Aim: a scorpion (60% to hit)
You throw a poisoned dart. The poisoned dart hits the scorpion.
The scorpion is poisoned.
You feel very sick. The scorpion closely misses you.
Throw: 6 darts (poison)
Press: ? - help, Q - select action, (/) - cycle Shift-Dir - straight line, f/p - scorpion
Aim: a scorpion (lightly wounded, poisoned, 60% to hit)
You throw a poisoned dart. The poisoned dart hits the scorpion.
The scorpion looks even sicker.
The scorpion is lightly wounded.
You feel sick. The scorpion stings you.
You are more poisoned.
The scorpion poisons you!
The endoplasm quivers.
You hit the scorpion.
You bite the scorpion, but do no damage.
The scorpion is heavily wounded.
You feel very sick. The scorpion barely misses you.
You barely miss the scorpion.
The scorpion is severely wounded.
You feel very sick. The scorpion stings you!
You are lethally poisoned!
The scorpion poisons you!
Unknown command.
You hit the scorpion but do no damage.
You bite the scorpion, but do no damage.
The scorpion is severely wounded.
* * * LOW HITPOINT WARNING * * *
You feel very sick. The scorpion stings you.
* * * LOW HITPOINT WARNING * * *
It was a potion of heal wounds.
That seemed strangely inert.
* * * LOW HITPOINT WARNING * * *
You feel very sick. The scorpion stings you.
You die...

#.##.##.##.###.###.##.##.
#........(## ##.##.#...#.
.#####h.#.....###.###.......
........#.####.#.## ###...##
#....h....####..### #...#
#.......#s##..†...#####...##
#.......#.##.#..#........(..
#..J....#)##.#..............
#......!#Js@....#...........
#...?.....##.§§...###.#...#.
#.......####...#### #.#...#.
####### ##..# #.#...#. #.##
#.#...#. #.# #.#...#. #
...... ###.... #.....#


You could see a scorpion (very poisoned) and an endoplasm.

Vanquished Creatures
  Sigmund (D:2)
  3 adders (D:2)
  3 dart slugs (D:1)
  10 ball pythons
  4 endoplasms
  4 giant cockroaches
  3 hobgoblins
  6 jackals (D:2)
  2 quokkas
  5 goblins
  3 kobolds
  3 rats
47 creatures vanquished.

Notes
Turn   | Place    | Note
-------+----------+-------------------------------------------
     0 | D:1      | tilp the Vine Stalker Brigand began the quest for the Orb.
     0 | D:1      | Reached XP level 1. HP: 11/11 MP: 2/2
   138 | D:1      | Reached XP level 2. HP: 12/15 MP: 3/3
   736 | D:1      | Reached XP level 3. HP: 19/19 MP: 4/4
  1035 | D:2      | Noticed Sigmund
  1037 | D:2      | Found Myn Ucwab's Book Shop.
  1063 | D:2      | Killed Sigmund
  1064 | D:2      | Gained mutation: Your natural rate of healing is unusually
                  | fast. [Vine Stalker growth]
  1064 | D:2      | Reached XP level 4. HP: 3/25 MP: 3/5
  1064 | D:2      | Reached XP level 5. HP: 3/29 MP: 3/6
  1411 | D:2      | Reached skill level 1 in Dodging
  1411 | D:2      | Reached XP level 6. HP: 27/33 MP: 5/7
  1503 | D:2      | Found a faded altar of an unknown god.
  1589 | D:2      | HP: 1/33 [poisoned by a scorpion]
  1589 | D:2      | Slain by a scorpion

Illustrated notes

Levels and vault maps discovered:
D:1:      dpeg_arrival_rhombi, layout_loops_ring
D:2:      layout_loops_cross, ebering_ecumenical_altar_mist, serial_shops,
          shop_statue, minmay_vboxes, uniq_sigmund

Skill      XL: |  1  2  3  4  5 |
---------------+----------------+-----
Fighting       | 2 3 4 |  4.0
Short Blades   | 2 3 4 |  4.1
Dodging        | 1 |  1.1
Throwing       | |  1.7
Stealth        | |  4.8

Action                   |  1- 3 |  4- 6 || total
-------------------------+-------+-------++-------
Melee: Dagger            |    77 |    77 ||   154
       Bite              |    25 |    16 ||    41
Throw: Dart              |       |     7 ||     7
  Use: Potion            |       |     1 ||     1
 Stab: Sleeping          |     7 |     2 ||     9
Armor: Robe              |    10 |    12 ||    22
Dodge: Dodged            |    40 |    40 ||    80

Table legend: (Time is in decaauts)
 A = Elapsed time spent in this place.
 B = Non-inter-level travel time spent in this place.
 C = Inter-level travel time spent in this place.
 D = Time resting spent in this place.
 E = Time spent auto-exploring this place.
 F = Levels seen in this place.
 G = Mean time per level.
                   A        B        C        D        E       F      G
               +--------+--------+--------+--------+--------+-----+--------+
         Total |   1563 |   1498 |     65 |     22 |   1156 |   2 |  781.5 |
       Dungeon |   1563 |   1498 |     65 |     22 |   1156 |   2 |  781.5 |
               +--------+--------+--------+--------+--------+-----+--------+

Top non-repeatable levels by time:
     D:1: 893 daAuts
     D:2: 669 daAuts
